[Event "*** SCC Grand Prix: Titled Tuesday Blitz"]
[Site "Chess.com"]
[Date "2020.10.06"]
[Round "1"]
[White "Sashadav97"]
[Black "Zemerovv"]
[Result "1-0"]
[WhiteElo "2586"]
[BlackElo "2283"]
[TimeControl "180+1"]
[EndTime "10:04:47 PDT"]
[Termination "Sashadav97 won by resignation"]

1. d4 g6 2. e4 Bg7 3. c4 d6 4.
Nf3 Nc6 5. d5 Nb8 6. Be2 Nf6 7.
Nc3 c6 8. O-O O-O 9. Re1 a6 10. h3 b5 11. cxb5 cxd5 12. exd5 axb5 13. Bxb5 Ba6 14. a4 Bxb5 15. Nxb5 Na6 16. Be3 Re8 17.
Rc1 Nb4 18. Nc7 Rc8 19. Nxe8 Qxe8 20. Rxc8 Qxc8 21. Bd4 Nbxd5 22. Bxf6 Nxf6 23. Rxe7 Bf8 24. Re2 d5 25. a5 Qa6 26. Qd2 Ne4 27. Qe1 Bc5 28.
b4 Ba7 29. Rxe4 dxe4 30. Qxe4 Qd6 31. Qe8+ Kg7 32. Qe5+ Qxe5 33. Nxe5 Kf6 34. Nc6 1-0

[Event "*** SCC Grand Prix: Titled Tuesday Blitz"]
[Site "Chess.com"]
[Date "2020.10.06"]
[Round "1"]
[White "brunomorado"]
[Black "Infernal_XaM"]
[Result "0-1"]
[WhiteElo "2445"]
[BlackElo "2872"]
[TimeControl "180+1"]
[EndTime "10:04:48 PDT"]
[Termination "Infernal_XaM won by resignation"]

1. d4 Nf6 2. Nc3 d5 3. Bg5 Bf5 4. f3 Nbd7 5. e3 h6 6. Bh4 c5 7. Bd3 cxd4 8. exd4 Bxd3 9. Qxd3 Qb6 10. Nge2 e6 11.
O-O Be7 12. Kh1 O-O 13. f4 Rac8 14. f5 e5 15. dxe5 Nxe5 16. Qg3 Neg4 17. Nxd5 Nxd5 18.
Bxe7 Rfe8 19. Qxg4 Rxe7 20. Nc3 Ne3 21. Qh4 Re5 22.
Rae1 Rce8 23. Rg1 Ng4 24. Ref1 Ne3 25. Rf3 Nxf5 26. Qc4 Qd4 27. Qxd4 Nxd4 28. Rf2 Re1 29. h3 Rxg1+ 30. Kxg1 Re1+ 31. Kh2 Rc1 32. Nb5 Nxb5 0-1

[Event "*** SCC Grand Prix: Titled Tuesday Blitz"]
[Site "Chess.com"]
[Date "2020.10.06"]
[Round "1"]
[White "juli2512"]
[Black "Jovidon91"]
[Result "0-1"]
[WhiteElo "2049"]
[BlackElo "2499"]
[TimeControl "180+1"]
[EndTime "10:04:48 PDT"]
[Termination "Jovidon91 won by resignation"]

1. e4 c5 2. Nf3 e6 3. g3 Nf6 4. d3 d5 5. Nbd2 dxe4 6. dxe4 b6 7. Bg2 Ba6 8. c4 Bb7 9. Qe2 Nc6 10. O-O Be7 11. Re1 O-O 12. Nf1 Nb4 13. Ne5 Qc7 14.
a3 Qxe5 15. Bf4 Qh5 16. Be5 Qxe2 17. Rxe2 Nc6 18. Bc3 Rfd8 19. Rae1 Ng4 20. f4 Nd4 21.
Bxd4 cxd4 22. h3 d3 23. Rd2 Bc5+ 24. Kh1 Nf2+ 0-1

[Event "*** SCC Grand Prix: Titled Tuesday Blitz"]
[Site "Chess.com"]
[Date "2020.10.06"]
[Round "1"]
[White "S2PAc"]
[Black "SaqoChess_Twitch"]
[Result "1-0"]
[WhiteElo "2793"]
[BlackElo "2404"]
[TimeControl "180+1"]
[EndTime "10:04:50 PDT"]
[Termination "S2PAc won by resignation"]

1. d4 d5 2. Nf3 e6 3. g3 Nf6 4. Bg2 Be7 5. O-O O-O 6. c4 dxc4 7. Ne5 Nc6 8. Nxc6 bxc6 9. Na3 Bxa3 10. bxa3 Rb8 11.
Qa4 Rb6 12. Rd1 c3 13. Qc2 Ba6 14. e4 Qd7 15. Qxc3 e5 16. Be3 exd4 17. Bxd4 Qe6 18. Rac1 Bb5 19. Bxb6 axb6 20. Qb3 Qc8 21. a4 Be2 22.
Re1 Ba6 23. Rxc6 Bb7 24. Rcc1 Nd7 25. Bh3 Nc5 26. Bxc8 Nxb3 27. Bxb7 1-0

[Event "*** SCC Grand Prix: Titled Tuesday Blitz"]
[Site "Chess.com"]
[Date "2020.10.06"]
[Round "1"]
[White "Viaje"]
[Black "Alexsur1981"]
[Result "0-1"]
[WhiteElo "2386"]
[BlackElo "2742"]
[TimeControl "180+1"]
[EndTime "10:04:51 PDT"]
[Termination "Alexsur1981 won by resignation"]

1. d4 d6 2. c4 e5 3. d5 Be7 4. Nc3 Bg5 5. e3 f5 6. Nf3 Bh6 7. Be2 Nf6 8. h4 O-O 9. Ng5 a5 10. e4 f4 11. g3 Na6 12. gxf4 exf4 13. Rg1 Nc5 14. Bf3 Nfd7 15. Nb5 Ne5 16. Nd4 Qf6 17. Nde6 Nxe6 18. dxe6 Bxe6 19. Nxe6 Qxe6 20. b3 Qf6 21. Rb1 Qxh4 22. Bb2 Qe7 23. Kf1 Kh8 24. Qd5 c6 25. Qd1 Bg5 26. Qe2 Bf6 27. Rd1 Nxf3 28. Bxf6 Nh2+ 29.
Ke1 Rxf6 30. Qh5 Qxe4+ 31. Kd2 Nf3+ 32. Kc1 Nxg1 33. Rxg1 Qe5 34. Qg4 Rg6 0-1

[Event "*** SCC Grand Prix: Titled Tuesday Blitz"]
[Site "Chess.com"]
[Date "2020.10.06"]
[Round "1"]
[White "MasterSonnevanck23"]
[Black "Witik"]
[Result "0-1"]
[WhiteElo "2369"]
[BlackElo "2707"]
[TimeControl "180+1"]
[EndTime "10:04:53 PDT"]
[Termination "Witik won by resignation"]

1. c4 e5 2. Nc3 Bb4 3. Qc2 c6 4. a3 Ba5 5. b4 Bc7 6. e3 Nf6 7.
d4 exd4 8. exd4 O-O 9. Nf3 d5 10. c5 Re8+ 11. Be2 Ne4 12. O-O Nxc3 13. Qxc3 Rxe2 14.
Be3 b6 15. Ne5 bxc5 16. bxc5 Ba6 17. Rfb1 Bxe5 18. dxe5 Nd7 19. Qd4 Nf8 20. Qg4 Ne6 21. h4 d4 22. Bg5 Qd5 23. Bf6 Kh8 24. Rb4 gxf6 25. Rab1 Rg8 26. Rb8 Bc8 27. Rxc8 Rxc8 28. Qxe2 fxe5 29. Rb7 Nf4 0-1

[Event "*** SCC Grand Prix: Titled Tuesday Blitz"]
[Site "Chess.com"]
[Date "2020.10.06"]
[Round "1"]
[White "Parhamov"]
[Black "SharapovEvgeny"]
[Result "1-0"]
[WhiteElo "2964"]
[BlackElo "2465"]
[TimeControl "180+1"]
[EndTime "10:04:56 PDT"]
[Termination "Parhamov won by checkmate"]

1. e4 c5 2. Nf3 d6 3. d4 cxd4 4. Nxd4 Nf6 5. Nc3 Nc6 6. Bg5 Qb6 7. Nb3 e6 8. Be2 Be7 9. O-O O-O 10. Bxf6 gxf6 11.
Kh1 a6 12. f4 Kh8 13. Rf3 Rg8 14. Qe1 Qc7 15. Rh3 b5 16. a3 Bb7 17. Qh4 Rg7 18. Qh6 Na5 19. Nd2 Nc4 20. Nxc4 bxc4 21. f5 Rag8 22. Rf1 d5 23. Rf4 dxe4 24. Rfh4 Rd8 25. Qxh7+ Rxh7 26. Rxh7+ Kg8 27. Rh8+ Kg7 28. R3h7# 1-0

[Event "*** SCC Grand Prix: Titled Tuesday Blitz"]
[Site "Chess.com"]
[Date "2020.10.06"]
[Round "1"]
[White "Khnykin_Nikolay"]
[Black "TudorAnton"]
[Result "0-1"]
[WhiteElo "2066"]
[BlackElo "2503"]
[TimeControl "180+1"]
[EndTime "10:04:57 PDT"]
[Termination "TudorAnton won by resignation"]

1. e4 e5 2. Nf3 Nc6 3. Bc4 Bc5 4. b4 Bxb4 5. c3 Bd6 6. d4 Qe7 7. O-O b6 8. Bg5 f6 9. Bh4 Bb7 10. Nbd2 g5 11. Bg3 h5 12. h4 g4 13. Nh2 exd4 14. cxd4 Nxd4 15. Nb3 Nxb3 16. axb3 Bxg3 17. fxg3 a5 18. Qd4 Qc5 19. Qxc5 bxc5 20. Rad1 d6 21. Bxg8 Rxg8 22. Rxf6 Bxe4 23. Re6+ Kd7 24. Rxe4 Rab8 25. Re3 Rb4 26. Nf1 Rgb8 27. Rb1 a4 28. Nd2 c4 29.
Ne4 cxb3 30. Nf6+ Kc6 31. Rc1+ Kb6 32. Nd5+ Ka5 33. Nxb4 Kxb4 34. Re4+ Ka3 35. Rcc4 b2 36. Rxa4+ Kb3 37. Re1 Kxa4 38. Kf2 b1=Q 39. Rxb1 Rxb1 40.
Ke3 Rb2 41. Kf4 Rxg2 42. Kg5 Rxg3 43. Kxh5 Rg1 44. Kg5 g3 45. Kg4 g2 46. Kg3 Rh1 47.
Kxg2 Rxh4 48. Kg3 Re4 49. Kf3 d5 50. Kf2 c5 0-1

[Event "*** SCC Grand Prix: Titled Tuesday Blitz"]
[Site "Chess.com"]
[Date "2020.10.06"]
[Round "1"]
[White "Das_Virus_2020"]
[Black "AvitalBor"]
[Result "0-1"]
[WhiteElo "2395"]
[BlackElo "2753"]
[TimeControl "180+1"]
[EndTime "10:05:03 PDT"]
[Termination "AvitalBor won by resignation"]

1. e4 e5 2. Nf3 Nc6 3. Bc4 Bc5 4. c3 Nf6 5. d3 d6 6. a4 a6 7. h3 Ba7 8. Nbd2 O-O 9. O-O Ne7 10. Re1 Ng6 11.
Nf1 c6 12. Bb3 Re8 13. Be3 Bxe3 14. fxe3 d5 15. exd5 cxd5 16. e4 Qb6+ 17. Kh2 Nf4 18. d4 exd4 19. e5 Ne4 20. cxd4 Qg6 21. Qc2 Bxh3 22.
gxh3 Rac8 0-1

[Event "*** SCC Grand Prix: Titled Tuesday Blitz"]
[Site "Chess.com"]
[Date "2020.10.06"]
[Round "1"]
[White "Alexander_Moskalenko"]
[Black "Shuvalov"]
[Result "1-0"]
[WhiteElo "2800"]
[BlackElo "2408"]
[TimeControl "180+1"]
[EndTime "10:05:12 PDT"]
[Termination "Alexander_Moskalenko won by checkmate"]

1. d4 d5 2. c4 c5 3. Nf3 cxd4 4. cxd5 Qa5+ 5. Qd2 Qxd5 6. Nc3 Qa5 7. Nxd4 Nf6 8. g3 e5 9. Nb3 Qc7 10. Bg2 Bb4 11.
O-O O-O 12. Qg5 Bxc3 13. bxc3 Be6 14. Rd1 Nbd7 15. Ba3 Rfe8 16. Bd6 Qxc3 17. Rac1 Qb2 18. Rd2 h6 19. Qh4 Qxc1+ 20. Nxc1 Rac8 21. Ba3 Rc4 22. e4 Rec8 23. Nb3 Kh7 24. g4 Rc3 25. f3 Bxb3 26. axb3 Rxb3 27. Bb2 a5 28. g5 Ng8 29. Bh3 Rc7 30.
Bxd7 Rxd7 31. Rxd7 Rxb2 32. Rxf7 a4 33. gxh6 Nxh6 34.
Rc7 a3 35. Qg5 Rb1+ 36. Kg2 Rb2+ 37. Kh3 a2 38. Qxg7# 1-0

[Event "*** SCC Grand Prix: Titled Tuesday Blitz"]
[Site "Chess.com"]
[Date "2020.10.06"]
[Round "1"]
[White "dopolian"]
[Black "Guenplen"]
[Result "0-1"]
[WhiteElo "2442"]
[BlackElo "2864"]
[TimeControl "180+1"]
[EndTime "10:05:17 PDT"]
[Termination "Guenplen won by resignation"]

1. e4 c5 2. Nf3 e6 3. d4 cxd4 4. Nxd4 Nf6 5. Nc3 Nc6 6. Ndb5 Bc5 7. Bf4 O-O 8. Bc7 Qe7 9. Bd6 Bxd6 10. Qxd6 Qd8 11. Nc7 Rb8 12. O-O-O a6 13. f3 b5 14. e5 b4 15. Na4 Ne8 16. Nxe8 Rxe8 17. f4 f6 18. Nc5 fxe5 19. Nxd7 Bxd7 20. Qxd7 Qxd7 21. Rxd7 exf4 22. Bxa6 Ra8 23. Bb7 Rxa2 24. Kb1 Ne5 25. Rd4 Ra7 26. Bf3 Nxf3 27. gxf3 Rea8 0-1

[Event "*** SCC Grand Prix: Titled Tuesday Blitz"]
[Site "Chess.com"]
[Date "2020.10.06"]
[Round "1"]
[White "Alexandercs432"]
[Black "BigAl"]
[Result "0-1"]
[WhiteElo "2134"]
[BlackElo "2510"]
[TimeControl "180+1"]
[EndTime "10:05:17 PDT"]
[Termination "BigAl won by resignation"]

1. e4 c6 2. d4 d5 3. exd5 cxd5 4. Bd3 Nc6 5. c3 Qc7 6. h3 g6 7. Nf3 Bf5 8. O-O Nf6 9. Re1 e6 10. Bg5 Ne4 11. Be3 h5 12. Nbd2 Nxc3 13. bxc3 Bxd3 14.
Nb3 Bf5 15. Nh4 Be7 16. Nxf5 gxf5 17. Qd2 Bd6 18. Nc5 f4 19. Qd3 fxe3 20. Rxe3 Bxc5 21. dxc5 O-O-O 22. Rb1 Rhg8 23. Qe2 Rg5 24. a4 Rdg8 25.
g3 h4 26. g4 d4 27. cxd4 Nxd4 28.
Qb5 Nxb5 0-1

[Event "*** SCC Grand Prix: Titled Tuesday Blitz"]
[Site "Chess.com"]
[Date "2020.10.06"]
[Round "1"]
[White "alejanchess73"]
[Black "kuban1991"]
[Result "0-1"]
[WhiteElo "2433"]
[BlackElo "2832"]
[TimeControl "180+1"]
[EndTime "10:05:21 PDT"]
[Termination "kuban1991 won by resignation"]

1. d4 g6 2. c4 Bg7 3. Nf3 c5 4. d5 d6 5. g3 f5 6. Bg2 Nf6 7. O-O O-O 8. Nc3 Na6 9. Rb1 h6 10.
a3 Nc7 11. b4 b6 12. Bb2 g5 13. Ne1 Qe8 14. b5 f4 15. a4 a5 16. bxa6 Rxa6 17.
Nb5 Nxb5 18. axb5 Ra8 19. Ra1 Bg4 20. f3 Bf5 21. g4 Bg6 22. Nd3 Nd7 23. Bxg7 Kxg7 24.
Qb3 Bxd3 25. exd3 Ne5 26. Qc3 Qg6 27. d4 cxd4 28. Qxd4 Rxa1 29. Rxa1 Rc8 30. Qxb6 Rxc4 31. Qa7 Kf7 32. b6 Rb4 33. Rf1 Qc2 34. Rf2 Qc5 35. Qa8 Rb1+ 36. Bf1 Rb2 0-1

[Event "*** SCC Grand Prix: Titled Tuesday Blitz"]
[Site "Chess.com"]
[Date "2020.10.06"]
[Round "1"]
[White "chito89"]
[Black "Mostii"]
[Result "1-0"]
[WhiteElo "2825"]
[BlackElo "2426"]
[TimeControl "180+1"]
[EndTime "10:05:21 PDT"]
[Termination "chito89 won by resignation"]

1. e4 e6 2. d4 d5 3. Nc3 dxe4 4.
Nxe4 Nd7 5. Nf3 Ngf6 6. Nxf6+ Nxf6 7. Bd3 c5 8. dxc5 Bxc5 9. Qe2 O-O 10. Bg5 h6 11. Bh4 Qa5+ 12. c3 Nd5 13. Qe4 f5 14.
Qc4 Nb6 15. Qb3 g5 16. Bg3 f4 17. Qc2 fxg3 18. hxg3 Kg7 19. b4 Bxb4 20. cxb4 Qxb4+ 21. Kf1 Nd5 22. Rb1 Qc3 23. Qe2 Nb4 24. Rxb4 Qxb4 25.
Qe5+ Rf6 26. Rxh6 Qf8 27. Rh7+ Kg8 28. Qxg5+ 1-0

[Event "*** SCC Grand Prix: Titled Tuesday Blitz"]
[Site "Chess.com"]
[Date "2020.10.06"]
[Round "1"]
[White "FMKonstantin_Twitch"]
[Black "XxPetroffsxX"]
[Result "1-0"]
[WhiteElo "2540"]
[BlackElo "2207"]
[TimeControl "180+1"]
[EndTime "10:05:21 PDT"]
[Termination "FMKonstantin_Twitch won by resignation"]

1. e4 e5 2. Nf3 Nc6 3. Bb5 Nf6 4.
O-O Nxe4 5. Re1 Nd6 6. a4 Be7 7. Nc3 O-O 8. d4 exd4 9. Nd5 Bf6 10. Bf4 a6 11. Bd3 g6 12. Bxd6 cxd6 13. Qd2 Ne5 14. Be4 Nxf3+ 15. Bxf3 Rb8 16. a5 Bg7 17. Ra4 Re8 18.
Rea1 h6 19. Rb4 Qg5 20. Qxg5 hxg5 21. Rb6 f5 22. Kf1 Be5 23. g3 g4 24. Be2 Kg7 25.
Bxa6 Rh8 26. Kg1 g5 27. Bd3 f4 28. a6 Ra8 29. a7 fxg3 30. hxg3 Kf7 31. Nc7 1-0

[Event "*** SCC Grand Prix: Titled Tuesday Blitz"]
[Site "Chess.com"]
[Date "2020.10.06"]
[Round "1"]
[White "creativity"]
[Black "Mr_Sinigami"]
[Result "0-1"]
[WhiteElo "2056"]
[BlackElo "2501"]
[TimeControl "180+1"]
[EndTime "10:05:25 PDT"]
[Termination "Mr_Sinigami won on time"]

1. d4 Nf6 2. c4 g6 3. Nc3 Bg7 4. e4 d6 5. Nf3 O-O 6. Be2 e5 7. O-O Nc6 8. d5 Ne7 9. Ne1 Nd7 10. Be3 f5 11. f3 f4 12. Bf2 g5 13. g4 fxg3 14. hxg3 Ng6 15. Nd3 Nf6 16. Kg2 h5 17. Rg1 g4 18. fxg4 Nxg4 19. Rh1 Rxf2+ 20. Nxf2 Ne3+ 21. Kh2 Nxd1 22. Raxd1 h4 23. Rdg1 Bd7 0-1

[Event "*** SCC Grand Prix: Titled Tuesday Blitz"]
[Site "Chess.com"]
[Date "2020.10.06"]
[Round "1"]
[White "PavelShkapenko"]
[Black "CM_rui"]
[Result "1-0"]
[WhiteElo "2709"]
[BlackElo "2370"]
[TimeControl "180+1"]
[EndTime "10:05:26 PDT"]
[Termination "PavelShkapenko won by resignation"]

1. e4 e5 2. Nf3 Nc6 3. g3 Nf6 4.
d3 Bc5 5. Bg2 O-O 6. O-O d6 7.
c3 a5 8. a4 h6 9. Na3 Be6 10.
Nb5 Bb6 11. Nd2 d5 12. Qe2 Bg4 13. Qe1 dxe4 14. Nxe4 Nxe4 15. Qxe4 Qd7 16. Be3 Bf5 17.
Qf3 Bxe3 18. Qxe3 Rad8 19. Rfd1 Bxd3 20. Be4 1-0

[Event "*** SCC Grand Prix: Titled Tuesday Blitz"]
[Site "Chess.com"]
[Date "2020.10.06"]
[Round "1"]
[White "Smirnov_Pavel"]
[Black "Butterfly"]
[Result "1-0"]
[WhiteElo "2801"]
[BlackElo "2408"]
[TimeControl "180+1"]
[EndTime "10:05:29 PDT"]
[Termination "Smirnov_Pavel won by resignation"]

1. d4 d6 2. e4 Nf6 3. Nc3 e5 4. dxe5 dxe5 5. Qxd8+ Kxd8 6. Bc4 Be6 7. Bxe6 fxe6 8. f3 Bb4 9. Ne2 Ke7 10. a3 Bc5 11. Bg5 h6 12. Bh4 Rd8 13. Na4 Be3 14. Bf2 Bd2+ 15.
Kf1 Nbd7 16. Rd1 Nf8 17. Bc5+ Kf7 18. Kf2 b6 19. Be3 Bxe3+ 20. Kxe3 Ng6 21. b4 Ne7 22. Nb2 Nc6 23. c4 Ke7 24. Nd3 Rd7 25. b5 Nd4 26. Nxe5 Nc2+ 27. Kf2 Rxd1 28. Rxd1 a6 29. Nc6+ Ke8 30.
bxa6 Rxa6 31. e5 Ng8 32. Rd8+ Kf7 33. Rd7+ Kg6 34. Nf4+ Kh7 35. Nxe6 Rxa3 36. Rxg7+ Kh8 37. Ncd8 1-0

[Event "*** SCC Grand Prix: Titled Tuesday Blitz"]
[Site "Chess.com"]
[Date "2020.10.06"]
[Round "1"]
[White "GMJustin"]
[Black "elohunter1999"]
[Result "0-1"]
[WhiteElo "2254"]
[BlackElo "2571"]
[TimeControl "180+1"]
[EndTime "10:05:30 PDT"]
[Termination "elohunter1999 won on time"]

1. e4 e5 2. f4 d5 3. exd5 exf4 4.
Qf3 Nf6 5. Nc3 Bd6 6. Bb5+ c6 7. dxc6 O-O 8. cxb7 Qe7+ 9. Qe2 Qxb7 10. Nf3 Nc6 11. O-O Re8 12. Qc4 Bd7 13. d4 a6 14. Ba4 Rac8 15.
Ng5 Nd8 16. Qb3 Qa7 17. Bxd7 Qxd4+ 18. Kh1 Nxd7 19. Bxf4 Bxf4 20. Rad1 Qc4 21. Qxc4 Rxc4 22. Rxd7 Bxg5 23. h3 h5 24. Rd5 Ne6 25. Ra5 Rb8 0-1

[Event "*** SCC Grand Prix: Titled Tuesday Blitz"]
[Site "Chess.com"]
[Date "2020.10.06"]
[Round "1"]
[White "sopo-tereladze"]
[Black "Evandro_Barbosa"]
[Result "0-1"]
[WhiteElo "2306"]
[BlackElo "2615"]
[TimeControl "180+1"]
[EndTime "10:05:35 PDT"]
[Termination "Evandro_Barbosa won by resignation"]

1. d4 c5 2. c3 Nf6 3. Nf3 e6 4. Bf4 b6 5. e3 Bb7 6. Be2 Be7 7. O-O O-O 8. Nbd2 d6 9. Re1 Nbd7 10. Rc1 a6 11. h3 b5 12. Bh2 Rc8 13. Nf1 Re8 14. Bd3 Ne4 15. Ng3 d5 16. Nd2 Nxd2 17. Qxd2 Nf6 18. Rcd1 b4 19. cxb4 cxb4 20. Rc1 Qa5 21. b3 Rc3 22. Ne2 Rcc8 23. Qb2 Ne4 24. Bxe4 dxe4 25. Be5 f6 26. Bf4 Bd5 27. Rxc8 Rxc8 28.
Rc1 Rxc1+ 29. Nxc1 Qb5 30. Qc2 Kf7 31. Bc7 Qc6 32.
Qxc6 Bxc6 33. Kf1 h5 34. Ke2 g5 35. Kd2 Bd5 36. Ne2 h4 37. Ng1 Bc6 38. Ne2 Bb5 39. g3 Bd7 40. gxh4 gxh4 41. Ng1 Kg6 42. f3 Bc6 43. f4 Bb5 44. Ke1 Kf5 45. Kd2 Kg6 46. Ne2 Kf7 47. Bb6 Ke8 48. Ba5 Kd7 49. Nc1 Bf1 50.
Ne2 Bxh3 51. f5 Bxf5 52. Nf4 h3 53. Nh5 h2 54. Ng3 Bd6 55. Nh1 Bg4 0-1

[Event "*** SCC Grand Prix: Titled Tuesday Blitz"]
[Site "Chess.com"]
[Date "2020.10.06"]
[Round "1"]
[White "CrazyMartian"]
[Black "johnathan113"]
[Result "0-1"]
[WhiteElo "2287"]
[BlackElo "2590"]
[TimeControl "180+1"]
[EndTime "10:05:35 PDT"]
[Termination "johnathan113 won by resignation"]

1. d4 Nf6 2. Bf4 g6 3. Nc3 Bg7 4. e4 d5 5. e5 Ne4 6. Bd3 Nxc3 7.
bxc3 c5 8. Nf3 Qa5 9. Qd2 Bg4 10. Rb1 Bxf3 11. gxf3 c4 12. Be2 b5 13. O-O O-O 14. Bg3 Nc6 15. f4 e6 16. h4 h5 17. f5 exf5 18. Bf3 Rad8 19. Rfe1 Rfe8 20. Bf4 a6 21. Kh2 Kh7 22. Rg1 Rd7 23. Qe2 Qxc3 24. Bxh5 Qxd4 25.
Qf3 Bxe5 26. Bxe5 Qxh4+ 27. Kg2 Nxe5 28. Bxg6+ fxg6 29. Qe2 Qg4+ 0-1

[Event "*** SCC Grand Prix: Titled Tuesday Blitz"]
[Site "Chess.com"]
[Date "2020.10.06"]
[Round "1"]
[White "kidagent"]
[Black "chessplayer9919"]
[Result "0-1"]
[WhiteElo "2291"]
[BlackElo "2606"]
[TimeControl "180+1"]
[EndTime "10:05:36 PDT"]
[Termination "chessplayer9919 won by resignation"]

1. e4 e5 2. Nf3 Nc6 3. Bb5 Nf6 4. d3 Bc5 5. O-O O-O 6. c3 d6 7. Nbd2 a6 8. Ba4 Ba7 9. h3 b5 10. Bc2 Ne7 11. Re1 Ng6 12. Nf1 Nh5 13. Be3 Nhf4 14. d4 Nh4 15. Bxf4 exf4 16. Nxh4 Qxh4 17. Qf3 c5 18.
Rad1 Bb7 19. Qg4 Qxg4 20. hxg4 Rac8 21. dxc5 dxc5 22. Rd7 Rb8 23. Red1 Bb6 24. Nh2 c4 25. Nf3 Bc8 26. Kf1 Bxd7 27. Rxd7 Rfd8 28. Rxd8+ Rxd8 29. Ke2 f6 30. Nh4 Bxf2 31. Nf5 Be3 32. Nxe3 fxe3 33. Kxe3 Kf7 34. b3 Ke6 35. bxc4 bxc4 36.
Ba4 Rd3+ 37. Ke2 Rxc3 0-1

[Event "*** SCC Grand Prix: Titled Tuesday Blitz"]
[Site "Chess.com"]
[Date "2020.10.06"]
[Round "1"]
[White "tlomigtlis"]
[Black "AungTZ"]
[Result "1-0"]
[WhiteElo "2516"]
[BlackElo "2143"]
[TimeControl "180+1"]
[EndTime "10:05:38 PDT"]
[Termination "tlomigtlis won by resignation"]

1. d4 Nf6 2. c4 e6 3. Nc3 Bb4 4. Qc2 O-O 5. a3 Bxc3+ 6. Qxc3 b6 7. Bg5 Bb7 8. e3 d6 9. Ne2 Nbd7 10. Qc2 Qe8 11. Nc3 e5 12. d5 c6 13. e4 cxd5 14.
exd5 a6 15. Bd3 Rc8 16. O-O b5 17. cxb5 Nxd5 18. bxa6 Ba8 19. Bxh7+ Kh8 20. Bf5 Nxc3 21. bxc3 f6 22. Be3 Rc4 23. Qd3 d5 24. Qe2 g6 25. Bd3 Rh4 26. Bb5 Qe6 27. f3 Kg7 28. g3 Rh5 29. Rad1 Rfh8 30. Rf2 Nb6 31. f4 exf4 32.
Bxf4 Qxe2 33. Rxe2 Rd8 34. Bc7 1-0

[Event "*** SCC Grand Prix: Titled Tuesday Blitz"]
[Site "Chess.com"]
[Date "2020.10.06"]
[Round "1"]
[White "emiliocordova"]
[Black "MattyDPerrine"]
[Result "1-0"]
[WhiteElo "2778"]
[BlackElo "2400"]
[TimeControl "180+1"]
[EndTime "10:05:40 PDT"]
[Termination "emiliocordova won by resignation"]

1. d4 Nf6 2. Nf3 c5 3. c4 cxd4 4. Nxd4 e5 5. Nc2 d5 6. cxd5 Qxd5 7. Qxd5 Nxd5 8. e4 Nf6 9. Nc3 Be6 10. Bg5 Nbd7 11. Rd1 a6 12. Be2 Rc8 13. O-O Nxe4 14.
Nxe4 Rxc2 15. Rc1 Rxc1 16. Rxc1 f6 17. Rc8+ Kf7 18. Be3 Bd5 19. Nc3 Bc6 20. Bc4+ Kg6 21. Nd5 f5 22. Ne7+ Bxe7 23. Rxh8 Nf8 24. h4 h6 25. g3 b5 26. Bb3 a5 27. a3 a4 28.
Ba2 b4 29. axb4 Bxb4 30. f4 e4 31. Bd4 Ne6 32. Bxe6 1-0

[Event "*** SCC Grand Prix: Titled Tuesday Blitz"]
[Site "Chess.com"]
[Date "2020.10.06"]
[Round "1"]
[White "chessdjw"]
[Black "The_Machine04"]
[Result "1-0"]
[WhiteElo "2613"]
[BlackElo "2296"]
[TimeControl "180+1"]
[EndTime "10:05:40 PDT"]
[Termination "chessdjw won on time"]

1. c4 e6 2. Nc3 Nf6 3. Nf3 d5 4. e3 Be7 5. b3 c5 6. cxd5 exd5 7.
Bb5+ Nc6 8. O-O O-O 9. d4 cxd4 10.
Nxd4 Nxd4 11. Qxd4 Be6 12. Bb2 Qd6 13. h3 Qb4 14. Rfd1 Rfd8 15. Rac1 Qxd4 16. Rxd4 Bc5 17. Rdd1 a6 18. Be2 Ba7 19. Bf3 Rac8 20. Nxd5 Nxd5 21. Rxc8 Rxc8 22. Bxd5 Bxd5 23. Rxd5 1-0

[Event "*** SCC Grand Prix: Titled Tuesday Blitz"]
[Site "Chess.com"]
[Date "2020.10.06"]
[Round "1"]
[White "LaPorfia"]
[Black "Sven_Tica"]
[Result "0-1"]
[WhiteElo "2323"]
[BlackElo "2641"]
[TimeControl "180+1"]
[EndTime "10:05:41 PDT"]
[Termination "Sven_Tica won on time"]

1. d4 d5 2. Nf3 e6 3. Bf4 Bd6 4. Bg3 Qe7 5. Nbd2 Nd7 6. e4 dxe4 7. Nxe4 Bxg3 8. Nxg3 Qb4+ 9. c3 Qxb2 10. Rc1 Ngf6 11. Bd3 O-O 12. O-O b6 13. Ne5 Bb7 14. Nh5 g6 15. Nxd7 Nxd7 16. Re1 Qxa2 17. c4 Qa5 18.
Ng3 Rad8 19. Be4 Bxe4 20. Nxe4 Kg7 21. d5 Nc5 22. Qd4+ f6 23. Nxc5 bxc5 24. Qf4 e5 25. Qg4 Rd6 26. h4 Qd2 27. h5 Qf4 28. Qxf4 exf4 29.
Re7+ Rf7 30. h6+ Kf8 31. Rxf7+ Kxf7 32. Rb1 Rb6 33. Ra1 a6 34. Kh2 c6 0-1

[Event "*** SCC Grand Prix: Titled Tuesday Blitz"]
[Site "Chess.com"]
[Date "2020.10.06"]
[Round "1"]
[White "OldweakGM"]
[Black "fabianvivasz"]
[Result "1-0"]
[WhiteElo "2733"]
[BlackElo "2376"]
[TimeControl "180+1"]
[EndTime "10:05:42 PDT"]
[Termination "OldweakGM won on time"]

1. Nf3 c5 2. c4 Nf6 3. Nc3 d5 4. cxd5 Nxd5 5. e4 Nxc3 6. dxc3 Qxd1+ 7. Kxd1 f6 8. Be3 e5 9. Kc2 Be6 10. Nd2 Nc6 11. Bc4 Kf7 12. a4 Be7 13. f3 Rac8 14.
Bxe6+ Kxe6 15. Nc4 Rhd8 16. Kb3 b6 17. Rhd1 Rxd1 18.
Rxd1 Rd8 19. Rxd8 Bxd8 20. Bf2 g6 21. Ne3 Na5+ 22. Kc2 c4 23. Nd5 f5 24. g4 fxg4 25.
fxg4 h5 26. gxh5 gxh5 27. Ne3 Bg5 28. Nf5 Kf6 29. Nd6 Bf4 30. h3 Ke6 31. Nb5 Nc6 32.
a5 bxa5 33. Na3 Bh6 34. Nxc4 Bf8 35. Kb3 1-0

[Event "*** SCC Grand Prix: Titled Tuesday Blitz"]
[Site "Chess.com"]
[Date "2020.10.06"]
[Round "1"]
[White "rase"]
[Black "IsaacWiebe"]
[Result "1-0"]
[WhiteElo "2550"]
[BlackElo "2218"]
[TimeControl "180+1"]
[EndTime "10:05:42 PDT"]
[Termination "rase won by resignation"]

1. e4 e5 2. Nf3 Nc6 3. Bb5 Nge7 4. O-O g6 5. c3 a6 6. Ba4 Bg7 7. d4 O-O 8. d5 Nb8 9. d6 cxd6 10. Qxd6 Nbc6 11. Bb3 h6 12. Be3 Kh7 13. Nbd2 f5 14. Rad1 Rf6 15. Qd3 d6 16. Nc4 fxe4 17.
Qxe4 d5 18. Qh4 Nf5 19. Qh3 Nxe3 20. Ng5+ Kg8 21. Qxe3 hxg5 22. Nb6 Be6 23. Nxd5 Bxd5 24. Rxd5 Qb6 1-0

[Event "*** SCC Grand Prix: Titled Tuesday Blitz"]
[Site "Chess.com"]
[Date "2020.10.06"]
[Round "1"]
[White "Fighter008"]
[Black "SergeyShtyka"]
[Result "1-0"]
[WhiteElo "2634"]
[BlackElo "2316"]
[TimeControl "180+1"]
[EndTime "10:05:47 PDT"]
[Termination "Fighter008 won by resignation"]

1. e4 c5 2. Nf3 Nc6 3. Bb5 Nd4 4. Nc3 a6 5. Be2 Nxe2 6. Qxe2 e6 7. d4 cxd4 8. Nxd4 d6 9. Be3 Nf6 10. O-O-O Be7 11.
g4 Nd7 12. h4 Bxh4 13. f4 Be7 14. g5 Nc5 15. Kb1 Bd7 16. Rh2 Qa5 17. Rdh1 O-O-O 18. Qf2 Kb8 19. Nb3 Nxb3 20. axb3 Rc8 21. Rxh7 Rxh7 22.
Rxh7 Bf8 23. Bd4 e5 24. fxe5 dxe5 25. Qh2 Bd6 26. Rxg7 Be6 27. g6 fxg6 28. Rxg6 Re8 29. Rg5 Bc8 30. Qh6 Bc7 31. Be3 Ka8 32. Rg1 Qb4 33. Nd5 Qd6 34. Rg6 Qd8 35. Bg5 Qd7 36.
Rg7 1-0

[Event "*** SCC Grand Prix: Titled Tuesday Blitz"]
[Site "Chess.com"]
[Date "2020.10.06"]
[Round "1"]
[White "ExtremeLearner"]
[Black "penguingm1"]
[Result "0-1"]
[WhiteElo "2444"]
[BlackElo "2869"]
[TimeControl "180+1"]
[EndTime "10:05:48 PDT"]
[Termination "penguingm1 won by resignation"]

1. d4 d5 2. Nf3 Nf6 3. g3 e6 4. Bg2 Nc6 5. O-O Bd6 6. c3 O-O 7. Bg5 h6 8. Bxf6 Qxf6 9. Nbd2 Qd8 10. e4 b6 11. Re1 Bb7 12. h4 Re8 13. a4 Bf8 14.
Nh2 Nb8 15. e5 c5 16. Qg4 Nc6 17. Ndf3 Rc8 18. Nf1 Qc7 19. Ne3 cxd4 20. cxd4 Nb4 21. Rec1 Qxc1+ 22. Rxc1 Rxc1+ 23. Kh2 Nd3 24. Qf4 Nxf4 0-1